 Dungeon Crawl Stone Soup version 0.31-a0-1388-g4b2ba238e7 (webtiles) character file.

Game seed: 15773940706861025383

29 MisterAzrael the Grave Robber (level 3, 19/19 HPs)
             Began as a Deep Elf Necromancer on Dec 24, 2023.
             Was a Follower of Fedhas.
             Quit the game on level 2 of the Dungeon.
             The game lasted 00:01:51 (1146 turns).

MisterAzrael the Grave Robber (DENe)                Turns: 1146, Time: 00:01:51

Health: 19/19      AC:  2    Str:  5    XL:     3   Next: 1%
Magic:  10/10      EV: 12    Int: 21    God:    Fedhas [*.....]
Gold:   71         SH:  0    Dex: 15    Spells: 8/9 levels left

rFire   . . .        (no weapon)
rCold   . . .        (no shield)
rNeg    . . .        a - +0 robe
rPois   .            (no helmet)
rElec   .            (no cloak)
rCorr   .            (no gloves)
SInv    .            (no boots)
Will    .....        (no amulet)
Stlth   ++           (no ring)
HPRegen 0.23/turn    (no ring)
MPRegen 0.12/turn

%: no passive effects
@: no status effects
A: no striking features
a: Renounce Religion


You were on level 2 of the Dungeon.
You worshipped Fedhas.
Fedhas was aware of your devotion.
You visited 1 branch of the dungeon, and saw 2 of its levels.

You collected 71 gold pieces.

Inventory:

Armour
 a - a +0 robe (worn)
Jewellery
 j - a ring of ice
Scrolls
 c - a scroll of vulnerability {unknown}
 e - 3 scrolls of fog {unknown}
 f - 3 scrolls of identify {unknown}
 g - a scroll of immolation {unknown}
 k - a scroll of enchant weapon {unknown}
 l - a scroll of fear {unknown}
Potions
 b - a potion of magic
 d - a potion of curing {unknown}
 h - a potion of lignification {unknown}
 i - a potion of attraction {unknown}


   Skills:
 - Level 2.6 Dodging
 - Level 2.6 Stealth
 + Level 3.7 Spellcasting
 * Level 5.5 Necromancy


You had 8 spell levels left.
You knew the following spells:

 Your Spells              Type           Power      Damage    Failure   Level
a - Necrotise             Necr           100%       1d9       1%          1

Your spell library contained the following spells:

 Spells                   Type           Power      Damage    Failure   Level
 Vampiric Draining        Necr           27%        2d7       3%          3
 Animate Dead             Necr           27%        N/A       13%         4
 Agony                    Necr           27%        N/A       34%         5


Dungeon Overview and Level Annotations

Branches:
Dungeon (2/15)

Altars:
Fedhas


Message History

Aim: an endoplasm (almost dead, ally target, chance to affect: 92%)
The endoplasm writhes in agony!
You kill the endoplasm!
An endoplasm comes into view.
You see here a scroll labelled KUOHOTEROT.
k - a scroll labelled KUOHOTEROT An endoplasm is nearby!
An endoplasm is nearby!
Your quokka skeleton crumbles into dust!
The endoplasm quivers.
The endoplasm writhes in agony.
You kill the endoplasm!
You have reached level 3!
Your experience leads to an increase in your attributes!
Increase (S)trength, (I)ntelligence, or (D)exterity?
You feel clever. x2
You start resting.
Your ball python skeleton crumbles into dust!
Magic restored.
HP restored.
Found a faded altar of an unknown god.
A bat comes into view.
The bat writhes in agony.
You kill the bat!
The dead are flying!
The shining eye turns its gaze towards you.
You can't see any susceptible monsters within range! (Use Z to cast anyway.)
The shining eye turns its gaze towards you.
The glass eye turns its gaze towards you.
Your bat skeleton crumbles into dust!
You now have 71 gold pieces (gained 14).
e - 3 scrolls labelled VICO TOAST (gained 1)
l - a scroll labelled TAUGEKLI KYQI The shining eye turns its gaze towards you.
There is a faded altar of an unknown god here.
This altar belongs to (a) Kikubaaqudgha, (b) Gozag or (c) Fedhas, but you can't tell which.
Press the corresponding letter to learn more about a god, or press enter to convert or escape to cancel.
Fedhas accepts your prayer! Fedhas welcomes you!
The plants of the dungeon cease their hostilities.
Are you sure you want to abandon this character and quit the game? (Confirm with "yes".)

######## #......#######
#............#
#..###...###.#
#..#G#...#G#.#
#..###...###.######
#.................# #####
#......@.......##.#
#...#####.............###.#
#.#........###...###.## #.#
#...######.#G#...#G#.#
#.###### #.....#
#.###...###.# #.......
.......# ............#
######## .......#
.###.###..### ########
.......# #. #.
##.###........... #........
... ...#########


You could see a great orb of eyes, 2 shining eyes and a glass eye.

Vanquished Creatures
  3 bats
  4 endoplasms
  2 goblins (D:1)
  A hobgoblin (D:1)
  A quokka (D:2)
  3 ball pythons
  4 frilled lizards
  4 kobolds (D:1)
22 creatures vanquished.

Vanquished Creatures (collateral kills)
  A dart slug (D:1)
  An endoplasm (D:1)
  A goblin (D:1)
  A kobold (D:1)
4 creatures vanquished.

Grand Total: 26 creatures vanquished

Notes
Turn   | Place    | Note
-------+----------+-------------------------------------------
     0 | D:1      | MisterAzrael the Deep Elf Necromancer began the quest for
                  | the Orb.
     0 | D:1      | Reached XP level 1. HP: 10/10 MP: 6/6
   195 | D:1      | Reached skill level 5 in Necromancy
   220 | D:1      | Reached XP level 2. HP: 15/15 MP: 6/8
  1027 | D:2      | Reached XP level 3. HP: 12/19 MP: 6/10
  1085 | D:2      | Found a faded altar of an unknown god.
  1087 | D:2      | Noticed a great orb of eyes
  1087 | D:2      | Noticed a shining eye
  1088 | D:2      | Noticed a glass eye
  1088 | D:2      | Noticed a shining eye
  1145 | D:2      | Prayed at the altar of an unknown god.
  1145 | D:2      | Became a worshipper of Fedhas Madash
  1145 | D:2      | Reached * piety under Fedhas
  1146 | D:2      | Quit the game

Illustrated notes

Levels and vault maps discovered:
D:1:      saegor_arrival_simple_a, layout_rooms, serial_co_window_serial,
          co_window_paths_b, co_window_paths_a, co_window_corner_a,
          co_window_paths_a, co_window_paths_a, co_window_paths_b,
          co_window_paths_a, co_window_broadway_a, co_window_broadway_c,
          co_window_of_opportunity_b, glass_columns_a, glass_columns_b,
          glass_columns_b, glass_columns_b, glass_columns_a, st_stairs_9
D:2:      layout_loops_ring, basic_altar, hellmonk_ecumenical_altar_watching_god

Skill      XL: |  1 |
---------------+----+-----
Necromancy     | 5 |  5.5
Dodging        | |  2.6
Stealth        | |  2.6
Spellcasting   | |  3.7

Action                     || total
---------------------------++-------
  Melee: Unarmed           ||    11
   Cast: Necrotise         ||    32
 Armour: Robe              ||    11
  Dodge: Dodged            ||    25

Table legend: (Time is in decaauts)
 A = Elapsed time spent in this place.
 B = Non-inter-level travel time spent in this place.
 C = Inter-level travel time spent in this place.
 D = Time resting spent in this place.
 E = Time spent auto-exploring this place.
 F = Levels seen in this place.
 G = Mean time per level.
                   A        B        C        D        E       F      G
               +--------+--------+--------+--------+--------+-----+--------+
         Total |   1145 |   1113 |     32 |     33 |    916 |   2 |  572.5 |
       Dungeon |   1145 |   1113 |     32 |     33 |    916 |   2 |  572.5 |
               +--------+--------+--------+--------+--------+-----+--------+

Top non-repeatable levels by time:
     D:1: 956 daAuts
     D:2: 189 daAuts
